 Dungeon Crawl Stone Soup version 0.27-a0-1066-g29160eaed2 (webtiles) character file.

Game seed: 9406728299001439894

229500 Lakar the Scorcher (level 19, -9/124 HPs)
             Began as a Gargoyle Earth Elementalist on Apr 24, 2021.
             Was the Champion of Vehumet.
             Mangled by a wolf spider (29 damage)
             ... on level 3 of the Spider Nest.
             The game lasted 01:24:36 (36943 turns).

Lakar the Scorcher (Gargoyle Earth Elementalist)   Turns: 36943, Time: 01:24:39

Health: -9/124     AC: 34    Str: 17    XL:     19   Next: 45%
Magic:  25/35      EV: 11    Int: 26    God:    Vehumet [******]
Gold:   2515       SH:  0    Dex: 10    Spells: 1/42 levels left

rFire    + . .     SeeInvis .   z - +5 flail (venom)
rCold    . . .     Faith    .   (no shield)
rNeg     + . .     Spirit   .   y - +3 leather armour {rF+}
rPois    ∞         Reflect  .   E - +2 helmet {Int+3}
rElec    +         Harm     .   G - +2 cloak {rPois}
rCorr    .         Rampage  .   r - +2 pair of gloves
Will     +....                  x - +2 pair of boots
Stlth    ++........             s - amulet of regeneration
HPRegen  1.30/turn              e - ring of wizardry
MPRegen  0.24/turn              k - +4 ring of evasion

@: flying, held
A: AC +14, big wings, negative energy resistance 1, electricity resistance,
torment resistance 1, unbreathing 1, petrification resistance, hooves 1, robust
1, strong 2
}: 1/15 runes: barnacled
a: Renounce Religion


You were on level 3 of the Spider Nest.
You worshipped Vehumet.
Vehumet was exalted by your worship.
You visited 6 branches of the dungeon, and saw 31 of its levels.
You also visited: Gauntlet and Ice Cave.

You collected 3372 gold pieces.
You spent 857 gold pieces at shops.

Inventory:

Hand Weapons
 o - the +8 arc blade {discharge, rElec}
   (You took it off a minotaur in a Gauntlet)

   It insulates you from electricity.
 z - a +5 flail of venom (weapon)
 A - a +2 vorpal flail
Missiles
 b - 611 stones
 g - 7 boomerangs of dispersal
 Q - 4 throwing nets
 T - 4 curare-tipped darts
 U - 3 atropa-tipped darts
Armour
 r - a +2 pair of gloves (worn)
 x - a +2 pair of boots (worn)
 y - a +3 leather armour of fire resistance (worn)
 E - a +2 helmet of intelligence (worn)
 G - a +2 cloak of poison resistance (worn)
 O - +4 steam dragon scales
Jewellery
 e - a ring of wizardry (left hand)
 k - a +4 ring of evasion (right hand)
 s - an amulet of regeneration (around neck)
 F - the ring of Moderation {rElec rCorr Int+3 Dex-2 Stlth+}
   (You found it in a Gauntlet)

   [ring of resist corrosion]

   It affects your intelligence (+3).
   It affects your dexterity (-2).
   It insulates you from electricity.
   It protects you from acid and corrosion.
   It makes you more stealthy.
 V - a ring of see invisible
 W - a +6 ring of dexterity
Wands
 j - a wand of flame (58)
 v - a wand of charming (12)
 w - a wand of paralysis (4)
 B - a wand of iceblast (26)
 H - a wand of mindburst (76)
 N - a wand of digging (3)
Scrolls
 c - 12 scrolls of teleportation
 d - 4 scrolls of magic mapping
 f - 24 scrolls of identify
 l - 3 scrolls of blinking
 m - 5 scrolls of enchant weapon
 n - 5 scrolls of immolation
 p - 6 scrolls of fear
 C - a scroll of holy word
 M - 3 scrolls of fog
 S - 5 scrolls of amnesia
Potions
 a - 4 potions of invisibility
 h - a potion of berserk rage
 i - 2 potions of magic
 q - 5 potions of lignification
 t - 8 potions of heal wounds
 u - 9 potions of curing
 D - 6 potions of cancellation
 I - 2 potions of ambrosia
 K - 2 potions of might
 L - a potion of attraction
 P - 4 potions of mutation
 R - 2 potions of brilliance
Miscellaneous
 J - a box of beasts (inert)


   Skills:
 + Level 10.6 Fighting
 + Level 9.9 Maces & Flails
 - Level 6.0 Armour
 + Level 8.5 Dodging
 - Level 2.1 Stealth
 + Level 12.2 Spellcasting
 + Level 12.4 Conjurations
 - Level 0.7 Transmutations
 + Level 16.6 Fire Magic
 * Level 14.8 Earth Magic
 + Level 8.9 Evocations


You had one spell level left.
You knew the following spells:

 Your Spells              Type           Power      Damage    Failure   Level
a - Sandblast             Erth           100%       2d20      0%          1
b - Stone Arrow           Conj/Erth      100%       3d13      1%          3
c - Lee's Rapid Deconstr  Erth           37%        3d20*     1%          5
d - Iron Shot             Conj/Erth      36%        9d7       1%          6
e - Bolt of Magma         Conj/Fire/Erth 37%        4d16      1%          5
f - Irradiate             Conj/Tmut      25%        3d21      1%          5
g - Ignition              Fire           40%        3d12      3%          8
h - Lehudib's Crystal Sp  Conj/Erth      36%        10d9      12%         8

Your spell library contained the following spells:

 Spells                   Type           Power      Damage    Failure   Level
 Fire Storm               Conj/Fire      37%        8d10      67%         9
 Absolute Zero            Ice            7%         ∞         100%        9
 Tornado                  Air            7%         N/A       100%        9
 Animate Skeleton         Necr           30%        N/A       1%          1
 Corona                   Hex            16%        N/A       1%          1
 Magic Dart               Conj           100%       1d8       1%          1
 Pain                     Necr           60%        1d7       1%          1
 Sting                    Tmut/Pois      68%        1d6       1%          1
 Passwall                 Tmut/Erth      45%        N/A       1%          2
 Searing Ray              Conj           100%       3d7       1%          2
 Conjure Flame            Conj/Fire      75%        6-21      1%          3
 Dazzling Flash           Conj/Hex       96%        N/A       1%          3
 Ignite Poison            Fire/Tmut/Pois 45%        N/A       1%          3
 Mephitic Cloud           Conj/Pois/Air  37%        N/A       1%          3
 Fulminant Prism          Conj/Hex       24%        3d13      1%          4
 Iskenderun's Mystic Bla  Conj/Tloc      48%        2d11      1%          4
 Petrify                  Tmut/Erth      54%        N/A       1%          4
 Iskenderun's Battlesphe  Conj           69%        2d12      1%          5
 Blink                    Tloc           N/A        N/A       2%          2
 Call Imp                 Summ           15%        N/A       2%          2
 Ensorcelled Hibernation  Hex/Ice        30%        N/A       2%          2
 Slow                     Hex            15%        N/A       2%          2
 Orb of Destruction       Conj           34%        9d12      2%          7
 Spider Form              Tmut/Pois      8%         N/A       4%          3
 Confusing Touch          Hex            15%        N/A       5%          3
 Gell's Gravitas          Tloc           7%         N/A       5%          3
 Lesser Beckoning         Tloc           7%         N/A       5%          3
 Teleport Other           Tloc           15%        N/A       5%          3
 Tukima's Dance           Hex            15%        N/A       5%          3
 Vampiric Draining        Necr           7%         2d7       5%          3
 Freezing Cloud           Conj/Ice/Air   18%        6-21      13%         6
 Ice Form                 Ice/Tmut       17%        N/A       16%         4
 Animate Dead             Necr           7%         N/A       17%         4
 Summon Ice Beast         Ice/Summ       15%        N/A       17%         4
 Spellforged Servitor     Conj/Summ      24%        N/A       28%         7
 Hydra Form               Tmut           9%         N/A       32%         5
 Alistair's Intoxication  Tmut/Pois      11%        N/A       38%         5
 Agony                    Necr           15%        N/A       43%         5
 Manifold Assault         Tloc           15%        N/A       43%         5
 Eringya's Noxious Bog    Tmut/Pois      8%         N/A       45%         6
 Simulacrum               Ice/Necr       7%         N/A       92%         6
 Ozocubu's Refrigeration  Ice            7%         4d6       94%         7
 Sublimation of Blood     Necr           Unusable   N/A       N/A         2
 Statue Form              Tmut/Erth      Unusable   N/A       N/A         6

Dungeon Overview and Level Annotations

Branches:
Dungeon (15/15)            Temple (1/1) D:4            Lair (6/6) D:9
 Shoals (4/4) Lair:3       Spider (3/4) Lair:4        Slime (0/5) Lair:5
    Orc (2/2) D:12            Elf (0/3) Orc:2        Vaults (0/5) D:13
 Depths (0/5) D:15          IceCv (visited)         Gauntlet (visited)

Altars:
Ashenzari
Cheibriados
Dithmenos
Elyvilon
Fedhas
Gozag
Hepliaklqana
Kikubaaqudgha
Makhleb
Nemelex Xobeh
Okawaru
Qazlal
Ru
Sif Muna
Trog
Uskayaw
Vehumet
Wu Jian
Xom
Yredelemnul
Zin
The Shining One
Beogh

Shops:
D:8 ?   D:12 *   D:13 =   D:15 !(*(*   Orc:2 ([(=(   Shoals:3 [

Annotations:
Lair:2 1 runed translucent door, Sergey's ghost, novice DDDe


Innate Abilities, Weirdness & Mutations

Your stone body is resilient. (AC +14)
You are immune to poison.
Your large and strong wings let you fly.
You resist negative energy. (rN+)
You are resistant to electric shocks. (rElec)
You are resistant to unholy torment.
You can survive without breathing.
You are immune to petrification.
You have large cloven feet.
You are robust. (+10% HP)
Your muscles are very strong. (Str +4)


Message History

The jumping spider is heavily wounded.
The fireball engulfs the moth of wrath!!
The moth of wrath is heavily wounded.
The fireball engulfs the wolf spider!!
The wolf spider is severely wounded.
The fireball engulfs the wolf spider!
The wolf spider is severely wounded.
The fireball engulfs the wolf spider!
The wolf spider is almost dead.
The fireball engulfs the jumping spider!
The jumping spider is severely wounded.
The fireball engulfs the moth of wrath!!
The moth of wrath is severely wounded.
You hear an angry hiss.
You hear a hideous shriek!
The jumping spider pounces on you.
* * * LOW HITPOINT WARNING * * *
You are caught in a web!
The jumping spider bites you but does no damage.
The wolf spider hits you!
* * * LOW HITPOINT WARNING * * *
The wolf spider completely misses you.
The jumping spider pounces on you but does no damage.
The jumping spider bites you.
* * * LOW HITPOINT WARNING * * *
The wolf spider hits you!
* * * LOW HITPOINT WARNING * * *
The wolf spider closely misses you.
The moth of wrath bites you but does no damage.
The jumping spider barely misses you.
The jumping spider bites you but does no damage.
Unknown command.
Unknown command.
You feel much better.
The wolf spider hits you but does no damage.
The wolf spider bites you.
* * * LOW HITPOINT WARNING * * *
The jumping spider pounces on you but does no damage.
The jumping spider bites you but does no damage.
The wolf spider hits you!!
You die...

##...............#
##..#..........^.##
#...#^#...#...####
##..###...##...##
##.#^.....#....## .
####.....#.....###..
#.....##......(..
##^....##†......#
##.^###†@.......
#####†ssy#...#^
#...##..## ?.....
### .†.|...
...†.....#
..#.......
..#...)...


You could see a wolf spider (berserk, poisoned), a moth of wrath and a jumping
spider (berserk).

Vanquished Creatures
  Nikola (Shoals:3)
  Polyphemus (Shoals:3)
  2 krakens
  Roxanne (Spider:2)
  A frost giant (IceCv)
  Ilsuiw (Shoals:2)
  Aizul (Shoals:1)
  An emperor scorpion (Spider:2)
  A ghost moth (Spider:2)
  A spark wasp (Spider:3)
  An entropy weaver (Spider:2)
  A minotaur (Gauntlet)
  A fire dragon (Lair:6)
  4 merfolk impalers
  3 merfolk javelineers
  A rakshasa (D:15)
  11 hydras
  4 vault guards (D:13)
  3 centaur warriors
  6 merfolk aquamancers
  3 merfolk avatars
  6 two-headed ogres
  The ghost of Tessuop the Grappler, a journeyman VSFi of Cheibriados (Lair:4)
  3 boulder beetles
  2 catoblepae
  2 ogre magi (D:15)
  A death knight (D:14)
  3 alligator snapping turtles
  7 death yaks
  A satyr (Shoals:3)
  2 tengu warriors (D:13)
  A skeletal warrior (D:14)
  Sonja (Lair:6)
  A glowing orange brain (D:15)
  14 sea snakes
  A swamp dragon (Lair:6)
  An obsidian statue (Gauntlet)
  16 harpies
  5 orc knights
  4 orb spiders
  5 ugly things
  A deep elf pyromancer (D:12)
  8 oklob plants
  3 fauns
  3 orc sorcerers
  18 wolf spiders
  14 manticores
  7 black mambas
  3 moths of wrath
  11 cyclopes
  24 elephants
  14 merfolk sirens
  An ice statue (IceCv)
  Joseph (Lair:1)
  7 water nymphs
  An unseen horror (D:13)
  13 cane toads
  3 gargoyles
  Maggie (Lair:1)
  A torpor snail (Spider:2)
  6 rime drakes
  8 komodo dragons
  A kobold demonologist (D:13)
  2 efreet
  A freezing wraith (D:14)
  A yaktaur (shapeshifter) (D:15)
  12 demonic crawlers
  12 jumping spiders
  19 merfolk
  10 trolls
  3 hornets
  26 polar bears
  4 wind drakes
  A raiju (Lair:6)
  Prince Ribbit (D:8)
  13 blink frogs
  5 slime creatures (D:15)
  10 dream sheep
  9 snapping turtles
  A centaur simulacrum (D:14)
  36 redbacks
  56 yaks
  20 tarantellas
  10 water elementals
  6 wraiths
  7 basilisks
  A human (shapeshifter) (D:15)
  7 hogs (Lair:6)
  7 vampire mosquitoes
  Grum (D:8)
  3 steam dragons
  8 wargs
  4 acid dragons
  17 water moccasins
  Duvessa (D:5)
  13 hell hounds (Lair:6)
  A swamp drake (Lair:6)
  33 orc warriors
  An ice beast (D:7)
  14 black bears
  8 ogres
  A hornet zombie (D:7)
  A necrophage (D:5)
  47 wolves
  29 centaurs
  2 phantoms
  A kobold brigand (D:11)
  12 bullfrogs
  3 scorpions
  Dowan (D:5)
  3 water moccasin zombies (D:5)
  3 killer bees (D:10)
  7 wights
  An electric eel (Lair:4)
  8 howler monkeys
  A crimson imp (D:10)
  6 centaur zombies
  2 jellies
  A bullfrog zombie (D:6)
  2 centaur skeletons
  3 hounds
  16 orc priests
  2 bullfrog skeletons
  A gnoll shaman (D:8)
  6 iguanas
  16 orc wizards
  6 hell rats (Lair:4)
  A hound skeleton (D:4)
  5 gnolls (D:8)
  11 adders
  7 river rats (Lair:4)
  A white imp (D:3)
  3 dart slugs
  61 orcs
  5 ball pythons
  7 bats
  10 endoplasms
  7 giant cockroaches
  9 goblins
  10 hobgoblins
  6 jackals
  A frilled lizard (D:1)
  5 kobolds
  12 rats
  3 tentacles
1004 creatures vanquished.

Vanquished Creatures (collateral kills)
  A jumping spider (Spider:2)
1 creature vanquished.

Vanquished Creatures (others)
  Kirke (Lair:6)
  A hell hound (Lair:6)
  A wolf (Lair:6)
  An adder (D:4)
  29 fungi
  109 plants
  9 tentacles
151 creatures vanquished.

Grand Total: 1156 creatures vanquished

Notes
Turn   | Place    | Note
-------+----------+-------------------------------------------
     0 | D:1      | Lakar the Gargoyle Earth Elementalist began the quest for
                  | the Orb.
     0 | D:1      | Reached XP level 1. HP: 10/10 MP: 3/3
   248 | D:1      | Reached XP level 2. HP: 14/15 MP: 3/5
   835 | D:1      | Reached XP level 3. HP: 9/19 MP: 2/6
   839 | D:1      | Learned a level 3 spell: Stone Arrow
  2130 | D:2      | Reached XP level 4. HP: 16/24 MP: 8/8
  2238 | D:2      | Noticed a phantom
  2252 | D:2      | Killed a phantom
  2253 | D:2      | Reached skill level 5 in Earth Magic
  2253 | D:2      | Reached XP level 5. HP: 14/28 MP: 2/10
  2436 | D:2      | Learned a level 5 spell: Lee's Rapid Deconstruction
  3096 | D:3      | Found a faded altar of an unknown god.
  3354 | D:3      | Found an opulent altar of Gozag.
  3469 | D:3      | Reached skill level 1 in Conjurations
  4182 | D:4      | Reached XP level 6. HP: 21/32 MP: 10/12
  4869 | D:4      | Reached XP level 7. HP: 28/36 MP: 8/13
  5233 | D:4      | Found a hazy altar of Hepliaklqana.
  5346 | D:4      | HP: 1/36 [ogre/+0 giant club (18)]
  5627 | D:4      | Found a staircase to the Ecumenical Temple.
  5637 | Temple   | Entered the Ecumenical Temple
  5926 | D:5      | Entered Level 5 of the Dungeon
  5942 | D:5      | Reached skill level 5 in Spellcasting
  5961 | D:5      | Noticed Duvessa
  5967 | D:5      | Killed Duvessa
  5967 | D:5      | Noticed Dowan
  5968 | D:5      | Reached XP level 8. HP: 38/41 MP: 9/15
  5971 | D:5      | Killed Dowan
  6296 | D:5      | Reached skill level 5 in Conjurations
  7531 | D:6      | Reached XP level 9. HP: 40/45 MP: 18/18
  8908 | D:7      | Found a shadowy altar of Dithmenos.
  9166 | D:8      | Noticed Prince Ribbit
  9170 | D:8      | Reached skill level 1 in Fighting
  9170 | D:8      | Reached skill level 1 in Armour
  9178 | D:8      | Killed Prince Ribbit
  9179 | D:8      | Reached skill level 1 in Maces & Flails
  9179 | D:8      | Reached skill level 1 in Evocations
  9286 | D:8      | Found a broken altar of Ashenzari.
  9308 | D:8      | Noticed Grum
  9326 | D:8      | Killed Grum
  9527 | D:8      | Found a sparkling altar of Nemelex Xobeh.
  9586 | D:8      | Found Zegiela's Magic Scroll Shoppe.
  9741 | D:8      | Found a large runed translucent door.
  9746 | D:8      | Found a large runed translucent door.
  9788 | D:8      | Reached skill level 10 in Earth Magic
  9788 | D:8      | Reached XP level 10. HP: 53/53 MP: 17/21
 10037 | D:8      | Found a radiant altar of Vehumet.
 10041 | D:8      | Became a worshipper of Vehumet
 10047 | D:8      | Found a stormy altar of Qazlal.
 10382 | D:9      | Found a staircase to the Lair.
 10663 | D:9      | Found a hide-covered altar of Uskayaw.
 10664 | D:9      | Found a basalt altar of Yredelemnul.
 10873 | D:10     | Entered Level 10 of the Dungeon
 11031 | D:10     | Reached * piety under Vehumet
 11031 | D:10     | Offered knowledge of Foxfire by Vehumet.
 11429 | D:10     | Found a burning altar of Makhleb.
 11788 | D:10     | Found an ornate altar of the Wu Jian Council.
 11874 | D:10     | Reached XP level 11. HP: 54/60 MP: 11/22
 12130 | D:10     | Found a shimmering altar of Xom.
 12209 | D:11     | Found a gate leading to a gauntlet.
 12243 | Gauntlet | Entered a Gauntlet
 12243 | Gauntlet | Found a transporter.
 12243 | Gauntlet | Found a transporter.
 12243 | Gauntlet | Found a transporter.
 12255 | Gauntlet | Noticed a catoblepas
 12331 | Gauntlet | Found a transporter.
 12331 | Gauntlet | Found a transporter.
 12339 | Gauntlet | Found a transporter.
 12342 | Gauntlet | Found a transporter.
 12352 | Gauntlet | Found a transporter.
 12354 | Gauntlet | Noticed an obsidian statue
 12370 | Gauntlet | Found a transporter.
 12388 | Gauntlet | Found a transporter.
 12388 | Gauntlet | Noticed a large abomination
 12391 | Gauntlet | Found a transporter.
 12401 | Gauntlet | Found a transporter.
 12405 | Gauntlet | Noticed an oklob plant
 12678 | Gauntlet | Killed an obsidian statue
 12681 | Gauntlet | Identified the ring of Moderation {rElec rCorr Int+3 Dex-2
                  | Stlth+}
 12764 | Gauntlet | Noticed a minotaur
 12773 | Gauntlet | Killed a minotaur
 12784 | Gauntlet | Identified the Guide on the Arsonist and Confrontation
 12923 | D:10     | Reached ** piety under Vehumet
 13182 | D:11     | Offered knowledge of Shock by Vehumet.
 13185 | D:11     | Reached skill level 5 in Armour
 13319 | D:11     | Noticed a two-headed ogre
 13327 | D:11     | Killed a two-headed ogre
 13328 | D:11     | Reached skill level 5 in Fighting
 13794 | D:11     | Learned a level 6 spell: Iron Shot
 13800 | D:11     | Learned a level 5 spell: Bolt of Magma
 13894 | D:12     | Reached skill level 5 in Maces & Flails
 13922 | D:12     | Noticed a deep elf pyromancer
 13925 | D:12     | Killed a deep elf pyromancer
 13945 | D:12     | Found a staircase to the Orcish Mines.
 13986 | D:12     | Reached XP level 12. HP: 55/68 MP: 24/24
 14016 | D:12     | Gained mutation: You occasionally shout uncontrollably at
                  | your foes. [potion of mutation]
 14016 | D:12     | Gained mutation: Your large and strong wings let you fly.
                  | [potion of mutation]
 14016 | D:12     | Gained mutation: You are agile. (Dex +2) [potion of
                  | mutation]
 14016 | D:12     | Gained mutation: You are somewhat resistant to further
                  | mutation. [potion of mutation]
 14034 | D:12     | Offered knowledge of Frozen Ramparts by Vehumet.
 14180 | D:12     | Found Mizurgh's Assorted Antiques.
 14183 | D:12     | Bought a fuming coppery potion for 30 gold pieces
 14183 | D:12     | Bought a potion of heal wounds for 170 gold pieces
 14183 | D:12     | Bought a wand of iceblast (8) for 136 gold pieces
 14931 | D:13     | Found Wusham's Jewellery Boutique.
 14953 | D:13     | Reached *** piety under Vehumet
 15079 | D:13     | Found a blossoming altar of Fedhas.
 15281 | D:13     | Noticed a five-headed hydra
 15286 | D:13     | Killed a five-headed hydra
 15538 | D:13     | You are sucked into a shaft and drop 2 floors!
 15538 | D:15     | Entered Level 15 of the Dungeon
 15542 | D:15     | Found Xoffunte's Distillery.
 15543 | D:15     | Found Nifiolot's Assorted Antiques.
 15562 | D:15     | Bought a bloodstained leather armour for 161 gold pieces
 15562 | D:15     | Identified the +1 leather armour of Siophiu {Harm rF+
                  | Slay+3} (You bought it in a shop on level 15 of the
                  | Dungeon)
 15576 | D:15     | Bought a potion of curing for 51 gold pieces
 15576 | D:15     | Bought a potion of heal wounds for 85 gold pieces
 15576 | D:15     | Bought a potion of curing for 51 gold pieces
 15576 | D:15     | Bought a potion of curing for 51 gold pieces
 15576 | D:15     | Bought a potion of heal wounds for 85 gold pieces
 15576 | D:15     | Bought a potion of degeneration for 17 gold pieces
 15580 | D:15     | Noticed a centaur warrior
 15594 | D:15     | Killed a centaur warrior
 15595 | D:15     | Reached skill level 5 in Dodging
 15681 | D:15     | Found Piwkion's Weapon Boutique.
 15682 | D:15     | Noticed a rakshasa
 15691 | D:15     | Killed a rakshasa
 15782 | D:15     | Offered knowledge of Hailstorm by Vehumet.
 15783 | D:15     | Reached skill level 5 in Evocations
 16019 | D:13     | Noticed a six-headed hydra
 16024 | D:13     | Killed a six-headed hydra
 16148 | D:13     | Noticed a centaur warrior
 16153 | D:13     | Noticed a tengu warrior
 16163 | D:13     | Killed a centaur warrior
 16165 | D:13     | Killed a tengu warrior
 16165 | D:13     | Noticed a tengu warrior
 16179 | D:13     | Killed a tengu warrior
 16439 | D:13     | Found a gate to the Vaults.
 16439 | D:13     | Noticed a vault guard
 16439 | D:13     | Noticed a vault guard
 16439 | D:13     | Noticed a vault guard
 16439 | D:13     | Noticed a vault guard
 16439 | D:13     | Noticed a centaur warrior
 16445 | D:13     | Killed a centaur warrior
 16445 | D:13     | Killed a vault guard
 16445 | D:13     | Killed a vault guard
 16445 | D:13     | Reached **** piety under Vehumet
 16445 | D:13     | Killed a vault guard
 16445 | D:13     | Killed a vault guard
 16446 | D:13     | Reached skill level 10 in Conjurations
 16446 | D:13     | Reached XP level 13. HP: 63/76 MP: 26/26
 16752 | D:14     | Learned a level 5 spell: Irradiate
 16762 | D:14     | Offered knowledge of Olgreb's Toxic Radiance by Vehumet.
 17119 | D:14     | You are sucked into a shaft and drop 1 floor!
 17204 | D:15     | Found Gutucy's Antique Weapon Shop.
 17229 | D:15     | Found Zauwnam's Assorted Antiques.
 17248 | D:15     | Bought a scroll labelled ZYGIFI KUKURCH for 20 gold pieces
 17586 | Lair:1   | Entered Level 1 of the Lair of Beasts
 17900 | Lair:1   | Lost mutation: You are agile. (Dex +2) [potion of mutation]
 17900 | Lair:1   | Lost mutation: Your large and strong wings let you fly.
                  | [potion of mutation]
 17900 | Lair:1   | Lost mutation: You are somewhat resistant to further
                  | mutation. [potion of mutation]
 17900 | Lair:1   | Lost mutation: You occasionally shout uncontrollably at
                  | your foes. [potion of mutation]
 17900 | Lair:1   | Gained mutation: Armour fits poorly on your strangely
                  | shaped body. [potion of mutation]
 17900 | Lair:1   | Gained mutation: You have large cloven feet. [potion of
                  | mutation]
 17921 | Lair:1   | Noticed Joseph
 17933 | Lair:1   | Killed Joseph
 18525 | Lair:1   | Noticed Maggie
 18528 | Lair:1   | Killed Maggie
 18730 | Lair:2   | Identified the +10 spear of Dividends {freeze, Dex+8}
 18741 | Lair:2   | Found a frozen archway.
 18747 | IceCv    | Entered an ice cave
 18756 | IceCv    | Gained mutation: Your large and strong wings let you fly.
                  | [Gargoyle growth]
 18756 | IceCv    | Reached XP level 14. HP: 81/84 MP: 11/27
 18945 | IceCv    | Reached ***** piety under Vehumet
 18966 | IceCv    | Offered knowledge of Airstrike by Vehumet.
 18977 | IceCv    | Reached skill level 10 in Spellcasting
 19085 | IceCv    | Lost mutation: You have large cloven feet. [potion of
                  | mutation]
 19085 | IceCv    | Lost mutation: Armour fits poorly on your strangely shaped
                  | body. [potion of mutation]
 19085 | IceCv    | Gained mutation: Your muscles are strong. (Str +2) [potion
                  | of mutation]
 19085 | IceCv    | Gained mutation: You have large cloven feet. [potion of
                  | mutation]
 19085 | IceCv    | Gained mutation: Your muscles are very strong. (Str +4)
                  | [potion of mutation]
 19085 | IceCv    | Gained mutation: You are robust. (+10% HP) [potion of
                  | mutation]
 19206 | IceCv    | Noticed a frost giant
 19211 | IceCv    | Killed a frost giant
 19661 | Lair:2   | Found a runed translucent door.
 19661 | Lair:2   | Noticed Sergey's ghost (novice DDDe)
 19809 | Lair:2   | Reached skill level 1 in Fire Magic
 20306 | Lair:3   | Reached skill level 2 in Fire Magic
 20386 | Lair:3   | Reached skill level 3 in Fire Magic
 20466 | Lair:3   | Reached skill level 4 in Fire Magic
 20631 | Lair:3   | Identified the +0 robe of Disaster {Int+2}
 20650 | Lair:3   | You are sucked into a shaft and drop 2 floors!
 20650 | Lair:5   | Found a staircase to the Slime Pits.
 20687 | Lair:5   | Reached skill level 5 in Fire Magic
 20941 | Lair:4   | Reached skill level 6 in Fire Magic
 21101 | Lair:4   | Found a runed translucent gate.
 21102 | Lair:4   | Found a runed translucent gate.
 21102 | Lair:4   | Found a runed translucent gate.
 21115 | Lair:4   | Noticed Tessuop's ghost (journeyman VSFi)
 21137 | Lair:4   | Found a transporter.
 21146 | Lair:4   | Found a hole to the Spider Nest.
 21347 | Lair:4   | Reached skill level 7 in Fire Magic
 21624 | Lair:4   | Identified the +3 buckler "Emyuzy" {Dex+4 Stlth+}
 21626 | Lair:4   | Found a transporter.
 22087 | Lair:4   | Reached skill level 8 in Fire Magic
 22091 | Lair:4   | Killed Tessuop's ghost
 22220 | Lair:4   | Identified the +8 rapier "Hyrof" {venom, rElec rC+ Int+4}
 22531 | Lair:3   | Found a staircase to the Shoals.
 22957 | Lair:5   | Reached skill level 9 in Fire Magic
 22991 | Lair:5   | Reached XP level 15. HP: 77/97 MP: 29/29
 23719 | Lair:6   | Entered Level 6 of the Lair of Beasts
 23722 | Lair:6   | Noticed Sonja
 23727 | Lair:6   | Killed Sonja
 23728 | Lair:6   | Reached skill level 10 in Fire Magic
 23738 | Lair:6   | Noticed Kirke
 23752 | Lair:6   | Killed Kirke
 23764 | Lair:6   | Reached skill level 11 in Fire Magic
 24017 | Lair:6   | Reached skill level 12 in Fire Magic
 24097 | Lair:6   | Offered knowledge of Lightning Bolt by Vehumet.
 24538 | Lair:6   | Learned a level 8 spell: Ignition
 24547 | Lair:6   | Reached skill level 13 in Fire Magic
 25179 | Lair:6   | Reached ****** piety under Vehumet
 25209 | Lair:6   | Reached XP level 16. HP: 72/103 MP: 26/30
 25223 | Lair:6   | Reached skill level 14 in Fire Magic
 25484 | Lair:6   | Offered knowledge of Starburst by Vehumet.
 25949 | Orc:1    | Entered Level 1 of the Orcish Mines
 26580 | Orc:2    | Entered Level 2 of the Orcish Mines
 26580 | Orc:2    | Found a staircase to the Elven Halls.
 26681 | Orc:2    | Reached skill level 15 in Fire Magic
 26681 | Orc:2    | Found Loydiy's Antique Weapon Shop.
 26682 | Orc:2    | Found Zyer's Jewellery Shoppe.
 26683 | Orc:2    | Found Zinue's Armour Boutique.
 26685 | Orc:2    | Found Hooc's Antique Weapon Emporium.
 27033 | Orc:2    | Found Puof's Weapon Boutique.
 27791 | D:15     | Found a staircase to the Depths.
 27797 | D:15     | Offered knowledge of Yara's Violent Unravelling by Vehumet.
 28131 | Shoals:1 | Entered Level 1 of the Shoals
 28944 | Shoals:1 | Noticed Aizul
 28959 | Shoals:1 | Killed Aizul
 29617 | Shoals:1 | Reached XP level 17. HP: 109/110 MP: 19/32
 29988 | Shoals:2 | Reached XP level 18. HP: 115/115 MP: 33/33
 30405 | Shoals:2 | Noticed Ilsuiw
 30411 | Shoals:2 | Offered knowledge of Fireball by Vehumet.
 30414 | Shoals:2 | Killed Ilsuiw
 30983 | Shoals:3 | Noticed Nikola
 31139 | Shoals:3 | Killed Nikola
 31775 | Shoals:3 | Noticed Polyphemus
 31789 | Shoals:3 | Killed Polyphemus
 31796 | Shoals:3 | Reached skill level 16 in Fire Magic
 31952 | Shoals:3 | Found Serph's Armour Boutique.
 32354 | Shoals:4 | Entered Level 4 of the Shoals
 33319 | Shoals:4 | Offered knowledge of Conjure Ball Lightning by Vehumet.
 33321 | Shoals:4 | Reached skill level 10 in Fighting
 33375 | Shoals:4 | Got a barnacled rune of Zot
 33493 | Shoals:4 | Found the necklace of Bloodlust {*Rage +Rage Will++ Int-3
                  | Slay+6}
 34029 | Shoals:4 | Identified the +12 ice dragon scales "Nyisot" {rF- rC++ rN+
                  | Regen+ Int+2}
 34189 | Spider:1 | Entered Level 1 of the Spider Nest
 34923 | Spider:1 | Reached XP level 19. HP: 123/123 MP: 30/35
 35209 | Spider:2 | Offered knowledge of Lehudib's Crystal Spear by Vehumet.
 35592 | Spider:2 | Identified Roxanne's Grimoire of Transformation
 35592 | Spider:2 | Noticed Roxanne
 35599 | Spider:2 | Killed Roxanne
 36066 | Spider:2 | Identified the +6 trident of Perversion {vorpal, Str+8
                  | Int-5 Dex+4}
 36131 | Spider:2 | Identified the +2 leather armour of the Shoals {Int+3
                  | Dex+9}
 36852 | Spider:3 | Learned a level 8 spell: Lehudib's Crystal Spear
 36928 | Spider:3 | Offered knowledge of Fire Storm by Vehumet.
 36928 | Spider:3 | Offered knowledge of Tornado by Vehumet.
 36928 | Spider:3 | Offered knowledge of Absolute Zero by Vehumet.
 36942 | Spider:3 | HP: 1/124 [wolf spider (16)]
 36943 | Spider:3 | Mangled by a wolf spider

Illustrated notes

Levels and vault maps discovered:
D:1:      lightli_arrival_boilingwater, layout_basic
D:2:      layout_basic
D:3:      layout_loops_ring, nicolae_gozag_seed_capital,
          ebering_ecumenical_altar_webs
D:4:      layout_basic, worldfamousw_hep_ancestral_shrine,
          lemuel_temple_firewalk_a, kennysheep_decorative_pillar
D:5:      layout_basic, eino_tiny_chamber, hangedman_decor_peaks_small,
          uniq_duvessa
D:6:      layout_basic
D:7:      layout_gridville, general_overflow_altar, grunt_ministairs_6
D:8:      layout_rooms, nemelex_xobeh_ov_fountains_minmay, kennysheep_mini_moat,
          jmf_multi_god_temple2, serial_shops, shop, uniq_grum,
          uniq_prince_ribbit1
D:9:      layout_long_grid, gammafunk_temple_overflow_pools, lair_entry_dummy,
          dk_noncrumbling_3
D:10:     layout_basic, grunt_temple_overflow_champion_of_chaos,
          old_standard_altar
D:11:     layout_big_octagon, gauntlet_entry_generic
D:12:     layout_loops_ring, orc_0_dummy, serial_shops,
          nicolae_shop_behind_doors, kennysheep_cross_room
D:13:     layout_irregular_city, lightli_vaults_fourway_checkpoint,
          serial_shops, shop, serial_park_tiny_1, fedhas_bush_and_centaur_altar
D:14:     layout_cave_pools
D:15:     gammafunk_enter_depths_forms, layout_loops_ring, serial_shops,
          nicolae_shop_waterfront, shop, shop_coins, shop, shop,
          chequers_serial_rivers_room_a, minmay_crystal_room, minmay_between
Temple:   dpeg_chambers_temple
Lair:1:   layout_concentric_octagons, uniq_joseph, uniq_maggie
Lair:2:   layout_misc_corridors, hellmonk_ghost_happy_afterlife,
          portal_ice_cave_entry_pillars_1
Lair:3:   layout_gridlike, elwin_shoals_entry_rooms
Lair:4:   gammafunk_boulding_lane, layout_gridlike, spider_nest_entry_rubble,
          gammafunk_ghost_split, nicolae_quartered_pool_little,
          kennysheep_abandoned_house
Lair:5:   layout_regular_city, minmay_slime_entry_oklob_open, st_stairs_11,
          lemuel_old_faithful, grunt_megastairs_4
Lair:6:   guppyfry_lair_end_dragon, layout_gridlike,
          hangedman_lair_caniforms_friends, minmay_lair_oklob_chamber,
          grunt_megastairs_5, uniq_sonja, uniq_kirke
Shoals:1: layout_shoals, uniq_aizul
Shoals:2: layout_shoals, uniq_ilsuiw
Shoals:3: layout_shoals, serial_shops, shop, uniq_nikola, uniq_polyphemus
Shoals:4: shoals_end_hangedman, layout_shoals
Spider:1: layout_spider_delve, hangedman_spider_tarantella_strand
Spider:2: nicolae_spider_hall_of_the_moth_king, uniq_roxanne
Spider:3: layout_spider_delve
Orc:1:    layout_caves, basic_altar, mines3_lemuel
Orc:2:    st_orc_rangers, layout_caves, special_room, serial_shops, shop

Skill      XL: |  1  2  3  4  5  6  7  8  9 10 11 12 13 14 15 16 17 18 |
---------------+-------------------------------------------------------+-----
Earth Magic    | 4 5 6 7 8 10 11 12 13 14 | 14.8
Spellcasting   | 3 4 5 6 7 8 9 10 11 12 | 12.2
Conjurations   | 1 2 4 6 7 8 9 10 11 12 | 12.4
Fighting       | 1 3 5 7 8 9 10 | 10.6
Armour         | 1 4 5 6 |  6.0
Maces & Flails | 1 3 5 6 7 8 9 |  9.9
Dodging        | 2 3 4 5 6 7 8 |  8.5
Evocations     | 1 3 4 5 6 7 8 |  8.9
Fire Magic     | 9 13 15 16 | 16.6
Stealth        | |  2.1
Transmutations | |  0.7

Action                   |  1- 3 |  4- 6 |  7- 9 | 10-12 | 13-15 | 16-18 | 19-21 || total
-------------------------+-------+-------+-------+-------+-------+-------+-------++-------
Melee: Unarmed           |    28 |       |       |       |       |       |       ||    28
       Club              |    27 |       |       |       |       |       |       ||    27
       Dagger            |    34 |   171 |   179 |   111 |       |       |       ||   495
       Rapier            |       |       |       |    89 |   864 |   225 |       ||  1178
       Flail             |       |       |       |       |       |   354 |   181 ||   535
 Cast: Sandblast         |    18 |    17 |    58 |    35 |    18 |    19 |       ||   165
       Lee's Rapid Decon |       |     1 |     7 |    59 |    23 |     6 |     9 ||   105
       Stone Arrow       |       |       |    12 |    43 |     7 |     2 |       ||    64
       Iron Shot         |       |       |       |     7 |    51 |   124 |    16 ||   198
       Bolt of Magma     |       |       |       |     4 |    23 |     8 |       ||    35
       Irradiate         |       |       |       |       |     8 |     3 |     3 ||    14
       Ignition          |       |       |       |       |       |    50 |    16 ||    66
       Lehudib's Crystal |       |       |       |       |       |       |     2 ||     2
Evoke: Wand              |       |       |     4 |    16 |     3 |     3 |       ||    26
       Box of beasts     |       |       |       |     1 |       |     1 |     1 ||     3
  Use: Scroll            |     1 |    12 |     4 |    10 |     6 |     7 |     1 ||    41
       Potion            |       |     1 |     1 |     6 |     4 |     6 |     1 ||    19
 Stab: Sleeping          |     2 |     3 |     5 |       |     3 |     1 |       ||    14
       Invisible         |       |       |       |       |       |     1 |       ||     1
Armor: Robe              |    20 |    66 |    42 |       |       |       |       ||   128
       Skin              |       |     7 |       |       |       |       |       ||     7
       Leather armour    |       |       |    17 |   188 |   756 |   345 |   231 ||  1537
Dodge: Dodged            |    46 |    87 |   149 |   323 |  1475 |   585 |   293 ||  2958

Table legend: (Time is in decaauts)
 A = Elapsed time spent in this place.
 B = Non-inter-level travel time spent in this place.
 C = Inter-level travel time spent in this place.
 D = Time resting spent in this place.
 E = Time spent auto-exploring this place.
 F = Levels seen in this place.
 G = Mean time per level.
                   A        B        C        D        E       F      G
               +--------+--------+--------+--------+--------+-----+--------+
         Total |  37163 |  35326 |   1837 |   4377 |  24205 |  33 | 1126.2 |
       Dungeon |  17589 |  16626 |    963 |   2139 |  11840 |  15 | 1172.6 |
        Temple |    243 |    218 |     25 |      0 |    218 |   1 |  243.0 |
          Lair |   7799 |   7319 |    480 |    744 |   4731 |   6 | 1299.8 |
        Shoals |   5984 |   5734 |    250 |    631 |   4014 |   4 | 1496.0 |
   Spider Nest |   2741 |   2665 |     76 |    316 |   1900 |   3 |  913.7 |
  Orcish Mines |   1373 |   1331 |     42 |     28 |   1018 |   2 |  686.5 |
      Ice Cave |    817 |    817 |      0 |    223 |    276 |   1 |  817.0 |
      Gauntlet |    614 |    614 |      0 |    296 |    208 |   1 |  614.0 |
               +--------+--------+--------+--------+--------+-----+--------+

Top non-repeatable levels by time:
  Lair:6: 2115 daAuts
     D:1: 2025 daAuts
    D:10: 1605 daAuts
    D:13: 1525 daAuts
     D:4: 1525 daAuts
Shoals:1: 1523 daAuts
Shoals:2: 1495 daAuts
Shoals:3: 1487 daAuts
Shoals:4: 1477 daAuts
  Lair:4: 1446 daAuts
Spider:2: 1401 daAuts
     D:6: 1383 daAuts
     D:3: 1260 daAuts
  Lair:1: 1200 daAuts
  Lair:5: 1198 daAuts
